Map: Kairos Junction LE

Players

playezvibe - Winner!

  • Race: Zerg Zerg
  • Spawn Location: 11:00

시노카제

  • Race: Protoss Protoss
  • League: Bronze
  • Spawn Location: 5:00

VOD

Have the link to the VOD?

Description

Time

  • Played on: May 24, 2019, 12:42 a.m.
  • Length: 15:18
Show
View Real Time Build Order
Export as new Build Order

playezvibe Zerg - Winner!

Build Orders: Pool First 

Get SALT Encoding   

  12  0:20  Spawning Pool  
  11  0:23  Drone  
  11  0:27  Drone  
  13  0:32  Drone  
  14  1:04  Overlord  
  14  1:08  Hatchery  
  13  1:16  Drone  
  14  1:24  Drone  
  15  1:29  Drone x2  
  17  1:37  Extractor  
  17  1:38  Queen  
  18  1:50  Drone x2  
  20  2:06  Drone  
  21  2:27  Drone x2  
  23  2:35  Overlord  
  23  2:36  Drone  
  24  2:42  Metabolic Boost  
  24  2:48  Drone  
  24  2:49  Drone x2  
  27  2:57  Zergling x4  
  29  3:20  Lair  
  29  3:24  Drone x2  
  31  3:30  Overlord x3  
  31  3:42  Drone x3  
  31  3:43  Drone x2  
  36  3:48  Overlord  
  36  4:03  Drone x2  
  38  4:31  Drone x2  
  38  4:45  Hydralisk Den  
  37  4:46  Hatchery  
  36  4:53  Infestation Pit  
  36  4:58  Evolution Chamber  
  34  5:01  Drone x3  
  34  5:02  Evolution Chamber  
  36  5:07  Pneumatized Carapace  
  36  5:09  Queen  
  38  5:21  Drone x3  
  41  5:28  Extractor  
  40  5:37  Extractor  
  40  5:42  Overlord x3  
  39  6:04  Drone x3  
  41  6:09  Queen  
  44  6:12  Drone x2  
  46  6:20  Hydralisk  
  46  6:21  Hydralisk x2  
  52  6:30  Zerg Missile Weapons Level 1  
  52  6:33  Zerg Ground Armor Level 1  
  52  6:45  Drone x3  
  52  6:46  Drone  
  56  6:54  Extractor  
  56  6:57  Extractor  
  56  6:59  Drone x3  
  57  7:11  Hydralisk  
  57  7:12  Hydralisk  
  61  7:17  Hydralisk x3  
  61  7:18  Hydralisk x2  
  71  7:28  Overlord  
  71  7:33  Hydralisk x2  
  75  7:39  Drone x4  
  75  7:40  Drone x2  
  81  7:54  Hydralisk x3  
  81  7:55  Hydralisk  
  89  8:02  Overlord x4  
  89  8:03  Overlord  
  89  8:13  Drone  
  90  8:20  Hydralisk x2  
  94  8:27  Zerg Missile Weapons Level 2  
  94  8:31  Hive  
  94  8:33  Zerg Ground Armor Level 2  
  94  8:38  Overlord x2  
  94  8:39  Overlord  
  94  8:43  Hydralisk  
  94  8:44  Hydralisk  
  94  8:48  Hydralisk  
  98  8:49  Hydralisk  
  98  8:51  Hydralisk  
  104  9:03  Lair  
  104  9:10  Hydralisk x2  
  104  9:11  Hydralisk  
  104  9:15  Zergling x4  
  112  9:22  Drone  
  113  9:24  Zergling x6  
  113  9:30  Drone x5  
  121  9:37  Overlord x2  
  121  9:48  Hydralisk x4  
  129  9:54  Hydralisk x3  
  135  10:01  Overlord x3  
  135  10:07  Zergling x2  
  135  10:12  Hydralisk  
  138  10:19  Hydralisk x3  
  138  10:20  Hydralisk  
  146  10:26  Hydralisk x3  
  152  10:32  Grooved Spines  
  152  10:36  Hydralisk  
  152  10:42  Hydralisk x3  
  154  10:49  Hydralisk x3  
  162  10:50  Hydralisk x2  
  162  10:54  Hydralisk x2  
  174  11:01  Hydralisk  
  176  11:09  Overlord  
  176  11:25  Hydralisk x2  
  176  11:31  Hydralisk  
  176  11:32  Hydralisk x2  
  186  11:36  Hydralisk x2  
  186  11:37  Hydralisk  
  192  11:44  Hydralisk x2  
  196  11:50  Muscular Augments  
  196  12:03  Zergling x8  
  200  12:14  Zerg Missile Weapons Level 3  
  200  12:31  Overseer  
  200  12:34  Overseer  
  200  12:36  Overseer  
  200  12:40  Overlord x4  
Show
View Real Time Build Order
Export as new Build Order

시노카제 Protoss 

Build Orders:  

Get SALT Encoding   

  1  0:00  Probe  
  13  0:19  Pylon  
  13  0:21  Probe  
  14  0:33  Probe  
  15  0:38  Gateway  
  15  0:45  Probe  
  16  0:57  Probe  
  16  1:01  Forge  
  17  1:09  Probe  
  18  1:15  Assimilator  
  18  1:18  Assimilator  
  18  1:21  Probe  
  19  1:29  Zealot, Pylon  
  21  1:54  Pylon  
  21  1:56  Zealot  
  23  2:04  Probe  
  24  2:12  Probe  
  24  2:22  Probe  
  25  2:23  Zealot  
  25  2:28  Cybernetics Core  
  28  2:33  Gateway  
  28  2:35  Gateway  
  28  2:45  Gateway  
  28  3:01  Photon Cannon  
  28  3:06  Photon Cannon  
  28  3:14  Warp Gate  
  28  3:32  Stargate  
  28  3:54  Nexus  
  28  4:08  Pylon  
  28  4:11  Pylon  
  28  4:15  Pylon  
  28  4:34  Assimilator  
  28  4:38  Assimilator  
  28  4:45  Void Ray  
  32  5:07  Sentry  
  32  5:09  Sentry  
  32  5:10  Sentry  
  32  5:12  Sentry  
  40  5:16  Probe  
  41  5:24  Probe  
  42  5:30  Probe  
  42  5:33  Probe  
  43  5:39  Probe  
  44  5:45  Probe  
  46  5:51  Probe  
  47  5:57  Probe  
  47  6:03  Probe  
  49  6:08  Pylon  
  49  6:11  Pylon  
  49  6:14  Pylon  
  49  6:15  Probe  
  49  6:17  Pylon  
  50  6:24  Fleet Beacon  
  50  6:29  Void Ray  
  54  6:35  Probe  
  55  6:45  Probe  
  56  6:57  Stargate, Probe  
  57  7:09  Probe  
  58  7:21  Probe  
  59  7:23  Adept  
  59  7:25  Adept  
  59  7:27  Adept  
  59  7:29  Adept, Probe  
  68  7:37  Probe  
  68  7:43  Tempest  
  74  7:47  Probe  
  75  7:59  Probe  
  76  8:09  Robotics Facility  
  76  8:11  Probe  
  77  8:17  Twilight Council  
  77  8:21  Void Ray  
  81  8:40  Mothership  
  81  8:52  Pylon  
  81  8:56  Pylon  
  81  8:59  Pylon  
  89  9:03  Void Ray  
  93  9:19  Photon Cannon  
  93  9:20  Photon Cannon  
  93  9:22  Photon Cannon  
  93  9:24  Photon Cannon  
  93  9:27  Photon Cannon  
  93  9:29  Photon Cannon  
  93  9:34  Tempest  
  98  9:44  Dark Shrine  
  98  9:46  Void Ray  
  102  10:03  Nexus  
  102  10:06  Assimilator  
  102  10:09  Assimilator  
  102  10:29  Tempest  
  107  11:12  Tempest  
  107  11:16  Adept  
  114  11:18  Adept  
  114  11:20  Adept  
  114  11:22  Adept  
  120  11:37  Tempest  
  125  11:55  Tempest, Pylon  
  125  11:57  Pylon  
  130  12:02  Pylon  
  130  12:05  Pylon  
  130  12:20  Tempest  
  135  12:37  Tempest  
  140  13:03  Tempest  
  145  13:08  Pylon  
  145  13:10  Pylon  
  145  13:12  Pylon  
  145  13:21  Carrier  
  151  13:46  Carrier  
  47  14:46  Adept  
  47  14:48  Adept  
  47  14:50  Adept  
  59  14:53  Adept  
Tags
 
League
Bronze
Matchup
PvZ
Opening
Pool First
Spawn Locations
Cross Positions
Add a new tag
Caveats
  • Supply blocks, unpowered buildings, or Contaminate may cause inaccurate times.
  • Supply counts are checked every 10 seconds.